 Dungeon Sprint DCSS version 0.31-a0-703-gcfe89afef6 (webtiles) character file.

Game seed: 3206018470150830509

2338 rocky1 the Carver (level 9, -9/108 HPs)
             Began as a Djinni Gladiator on Sept 9, 2023.
             Was an Initiate of Gozag.
             Mangled by a catoblepas (13 damage)
             ... while petrified by a catoblepas
             ... in the Dungeon (Sprint IX: "|||||||||||||||||||||||||||||").
             The game lasted 00:03:28 (992 turns).

rocky1 the Carver (Djinni Gladiator)                 Turns: 992, Time: 00:03:28

Health: -9/108     AC: 10    Str: 13    XL:     9   Next: 70%
Gold:   1008       EV:  2    Int:  9    God:    Gozag SH:  0 Dex: 20

rFire   + + .        l - +2 scimitar (holy)
rCold   x . .        r - +0 buckler
rNeg    + + +        n - +2 ring mail
rPois   ∞            c - +0 helmet
rElec   .            (no cloak)
rCorr   .            m - +0 pair of gloves
SInv    .            (boots unavailable)
Will    .....        (no amulet) Stlth
                     o - +2 ring of evasion
HPRegen 0.38/turn    p - +2 ring of evasion
MPRegen 0.00/turn

%: no teleportation, infuse magic (-10 HP)
@: berserking (expiring), petrified, flying
A: sickness immunity, fire resistance 2, cold vulnerability 1, float, innate
caster, HP casting, extra vitality 1
a: Renounce Religion, Potion Petition, Call Merchant, Bribe Branch


You were in the Dungeon.
You worshipped Gozag.
Gozag was most pleased with you.
You visited 1 branch You collected 1008 gold pieces.

Inventory:

Hand Weapons
 a - a +0 long sword
 l - a +2 scimitar of holy wrath (weapon)
Missiles
 d - 3 throwing nets
 e - a javelin
 i - a curare-tipped dart
 q - 8 poisoned darts
Armour
 b - a +0 leather armour
 c - a +0 helmet (worn)
 m - a +0 pair of gloves (worn)
 n - a +2 ring mail (worn)
 r - a +0 buckler (worn)
 s - a +0 kite shield
Jewellery
 o - a +2 ring of evasion (left hand)
 p - a +2 ring of evasion (right hand)
Wands
 k - a wand of light (5) (quivered)
Scrolls
 j - 3 scrolls of blinking
 v - a scroll of identify
 w - 6 scrolls of enchant armour
Potions
 f - 5 potions of curing
 g - 7 potions of heal wounds
 h - a potion of haste
 t - 3 potions of mutation


   Skills:
 + Level 9.3 Fighting
 + Level 14.0 Long Blades
 + Level 3.3 Throwing
 + Level 5.8 Armour
 + Level 10.0 Dodging
 - Level 1.6 Stealth
 + Level 0.3 Shields
 + Level 2.6 Evocations


You knew the following spells:

 Your Spells              Type           Power      Damage    Failure   Level
a - Freeze                Ice            0%         1d3       75%         1
b - Jinxbite              Hex            0%         N/A       86%         2
c - Gell's Gravitas       Tloc           0%         N/A       98%         3
d - Vhi's Electric Charg  Tloc/Air       0%         N/A       100%        4
Your spell library was empty.


Dungeon Overview and Level Annotations

Branches:
Dungeon (1/1)

Altars:
Cheibriados
Dithmenos
Elyvilon
Fedhas
Gozag
Hepliaklqana
Makhleb
Nemelex Xobeh
Okawaru
Qazlal
Ru
Trog
Uskayaw
Wu Jian
Xom
Yredelemnul
Zin
The Shining One
Jiyva
Lugonu


Innate Abilities, Weirdness & Mutations

You are immune to sickness and miasma.
You are immune to poison.
Your flesh is very heat resistant. (rF++)
You are vulnerable to cold. (rC-)
You float through the air rather than walking.
You learn spells naturally, not from books.
Your magical power is your life essence.
You have superior vitality. (+4 MHP)


Message History

You slice the catoblepas!!
The catoblepas is moderately wounded.
You are engulfed in calcifying dust.
You hit the catoblepas.
The catoblepas is moderately wounded.
You are engulfed in calcifying dust.
You are slowing down.
The catoblepas gores you!!
* * * LOW HITPOINT WARNING * * *
Unknown command.
Unknown command.
Unknown command.
You slash the catoblepas!
The catoblepas is heavily wounded.
You are engulfed in calcifying dust.
You barely miss the catoblepas.
The catoblepas is heavily wounded.
You are engulfed in calcifying dust.
Your limbs have turned to stone.
The catoblepas barely misses you.
A water moccasin comes into view.
You have turned to stone.
You are engulfed in calcifying dust.
The water moccasin hisses angrily.
The catoblepas gores you!
* * * LOW HITPOINT WARNING * * *
The catoblepas breathes a plume of calcifying dust at you.
The blast of calcifying dust hits you.
You are engulfed in calcifying dust.
The catoblepas gores you!!
* * * LOW HITPOINT WARNING * * *
You are engulfed in calcifying dust.
The catoblepas gores you.
* * * LOW HITPOINT WARNING * * *
You are engulfed in calcifying dust.
The catoblepas breathes a plume of calcifying dust at you.
The blast of calcifying dust hits you.
* * * LOW HITPOINT WARNING * * *
You are engulfed in calcifying dust.
The catoblepas gores you.
* * * LOW HITPOINT WARNING * * *
The catoblepas gores you!!
You die...
Your body crumbles into a pile of gold.

▓▓▓▓▓▓▓▓▓▓▓▓▓▓▓▓▓▓▓▓▓▓▓▓▓▓▓▓▓▓▓▓▓
))....'.)...'____________________
▓▓▓▓▓▓▓▓▓▓▓▓▓▓▓▓▓▓▓▓▓▓▓▓▓▓▓▓▓▓▓▓▓
.................................
▓▓▓▓▓▓▓▓▓▓▓▓▓▓▓▓▓▓▓▓▓▓▓▓▓▓▓▓▓▓▓▓▓
...'.....))=§§§.@YSFlFSS
▓▓▓▓▓▓▓▓▓▓▓▓▓▓▓▓▓▓▓▓▓▓▓▓


You could see a catoblepas, a komodo dragon, a black mamba, 2 cane toads and 2
water moccasins.

Vanquished Creatures
  A tengu warrior (D)
  A komodo dragon (D)
  A hornet (D)
  A shadow (D)
  2 acid dragons (D)
  A water moccasin (D)
  2 centaurs (D)
  2 kobold brigands (D)
  A gnoll sergeant (D)
  A jelly (D)
  2 iguanas (D)
  An ufetubus (D)
  An endoplasm (D)
  A goblin (D)
  A kobold (D)
  2 rats (D)
21 creatures vanquished.

Vanquished Creatures (others)
  A centaur warrior (D)
  An ugly thing (D)
  A centaur (D)
3 creatures vanquished.

Grand Total: 24 creatures vanquished

Notes
Turn   | Place    | Note
-------+----------+-------------------------------------------
     0 | D        | rocky1 the Djinni Gladiator began the quest for the Orb.
     0 | D        | Reached XP level 1. HP: 18/18 MP: 0/0
     6 | D        | Reached skill level 3 in Long Blades
   120 | D        | Noticed an iguana
   120 | D        | Noticed a jelly
   120 | D        | Noticed a centaur
   120 | D        | Noticed an iguana
   124 | D        | Killed an iguana
   125 | D        | Reached skill level 4 in Long Blades
   125 | D        | Reached skill level 5 in Dodging
   125 | D        | Reached XP level 2. HP: 24/24 MP: 0/0
   125 | D        | Reached XP level 3. HP: 29/29 MP: 0/0
   125 | D        | Learned a level 1 spell: Freeze
   132 | D        | Reached skill level 5 in Long Blades
   132 | D        | Reached XP level 4. HP: 15/35 MP: 0/0
   134 | D        | Killed a centaur
   135 | D        | Reached skill level 7 in Long Blades
   135 | D        | Reached XP level 5. HP: 12/41 MP: 0/0
   135 | D        | Learned a level 2 spell: Jinxbite
   452 | D        | Found a snail-covered altar of Cheibriados.
   452 | D        | Found a shadowy altar of Dithmenos.
   452 | D        | Found a white marble altar of Elyvilon.
   452 | D        | Found a blossoming altar of Fedhas.
   452 | D        | Found an opulent altar of Gozag.
   453 | D        | Found a hazy altar of Hepliaklqana.
   454 | D        | Found a viscous altar of Jiyva.
   456 | D        | Found a corrupted altar of Lugonu.
   457 | D        | Found a burning altar of Makhleb.
   458 | D        | Found a sparkling altar of Nemelex Xobeh.
   459 | D        | Found an iron altar of Okawaru.
   460 | D        | Became a worshipper of Gozag Ym Sagoz the Greedy
   461 | D        | Found a stormy altar of Qazlal.
   462 | D        | Found a sacrificial altar of Ru.
   464 | D        | Found a bloodstained altar of Trog.
   465 | D        | Found a hide-covered altar of Uskayaw.
   467 | D        | Found an ornate altar of the Wu Jian Council.
   468 | D        | Found a shimmering altar of Xom.
   469 | D        | Found a basalt altar of Yredelemnul.
   470 | D        | Found a glowing silver altar of Zin.
   471 | D        | Found a glowing golden altar of the Shining One.
   516 | D        | Noticed a centaur
   516 | D        | Noticed a shadow
   516 | D        | Noticed a kobold brigand
   516 | D        | Noticed a kobold brigand
   516 | D        | Noticed a hornet
   523 | D        | Killed a centaur
   524 | D        | Reached skill level 8 in Long Blades
   524 | D        | Reached skill level 1 in Armour
   524 | D        | Reached XP level 6. HP: 36/48 MP: 0/0
   529 | D        | Killed a shadow
   530 | D        | Reached skill level 5 in Fighting
   530 | D        | Reached skill level 9 in Long Blades
   533 | D        | Reached XP level 7. HP: 32/55 MP: 0/0
   533 | D        | Learned a level 3 spell: Gell's Gravitas
   536 | D        | Reached skill level 10 in Long Blades
   542 | D        | Killed a hornet
   543 | D        | Reached skill level 11 in Long Blades
   543 | D        | Reached skill level 1 in Stealth
   543 | D        | Reached XP level 8. HP: 31/62 MP: 0/0
   651 | D        | Noticed a tengu warrior
   651 | D        | Noticed a red ugly thing
   651 | D        | Noticed a centaur warrior
   656 | D        | Killed a tengu warrior
   657 | D        | Reached skill level 12 in Long Blades
   657 | D        | Reached skill level 1 in Evocations
   659 | D        | Killed a centaur warrior
   660 | D        | Reached skill level 13 in Long Blades
   660 | D        | Reached skill level 5 in Armour
   660 | D        | Reached XP level 9. HP: 53/71 MP: 0/0
   660 | D        | Learned a level 4 spell: Vhi's Electric Charge
   664 | D        | Killed a red ugly thing
   941 | D        | Noticed a komodo dragon
   941 | D        | Noticed a cane toad
   941 | D        | Noticed a komodo dragon
   941 | D        | Noticed a catoblepas
   946 | D        | Noticed a cane toad
   948 | D        | Noticed a black mamba
   969 | D        | Killed a komodo dragon
   970 | D        | Reached skill level 14 in Long Blades
   970 | D        | Reached skill level 10 in Dodging
   991 | D        | HP: 4/108 [catoblepas (3)]
   992 | D        | Mangled by a catoblepas

Illustrated notes

Levels and vault maps discovered:
D:        linesprint [early_d, line_temple, items_1, d_10, items_2, lair_1,
          lair_end, items_3, orc_1, orc_end, items_4, d_15, swamp_1, shoals_1,
          snake_1, spider_1, d_20, vaults_1, items_5, swamp_end, shoals_end,
          snake_end, spider_end, vaults_end, d_27, items_6, zot_1, zot_end,
          crypt_end, forest_end, elf_end, slime_end, tomb_end, abyss_end,
          pan_hell_end]

Skill      XL: |  1  2  3  4  5  6  7  8  9 |
---------------+----------------------------+-----
Long Blades    | 4 5 7 8 9 11 13 14 | 14.0
Dodging        | 5 6 7 8 9 10 | 10.0
Throwing       | 2 3 |  3.3
Fighting       | 3 4 5 6 8 9 |  9.3
Armour         | 1 2 3 5 |  5.8
Stealth        | 1 |  1.6
Evocations     | 2 |  2.6
Shields        | |  0.3

Action                     |  1- 3 |  4- 6 |  7- 9 || total
---------------------------+-------+-------+-------++-------
  Melee: Long sword        |    19 |     6 |       ||    25
         Scimitar          |       |    14 |    46 ||    60
  Evoke: Wand              |       |       |     5 ||     5
    Use: Potion            |     1 |     1 |     1 ||     3
   Stab: Invisible         |       |       |     7 ||     7
         Petrified         |       |       |     6 ||     6
         Petrifying        |       |       |     1 ||     1
 Armour: Leather armour    |     9 |     1 |       ||    10
         Ring mail         |       |     9 |    30 ||    39
  Dodge: Dodged            |    12 |    21 |    32 ||    65
  Block: Buckler           |       |       |     5 ||     5

Table legend: (Time is in decaauts)
 A = Elapsed time spent in this place.
 B = Non-inter-level travel time spent in this place.
 C = Inter-level travel time spent in this place.
 D = Time resting spent in this place.
 E = Time spent auto-exploring this place.
 F = Levels seen in this place.
 G = Mean time per level.
                   A        B        C        D        E       F      G
               +--------+--------+--------+--------+--------+-----+--------+
         Total |    991 |    991 |      0 |    645 |      0 |   1 |  991.0 |
       Dungeon |    991 |    991 |      0 |    645 |      0 |   1 |  991.0 |
               +--------+--------+--------+--------+--------+-----+--------+

Top non-repeatable levels by time:
       D: 991 daAuts
